 Dungeon Crawl Stone Soup version 0.28.0-53-g5a82cb258f (webtiles) character file.

Game seed: 10973465566937759385

0 nickcage the Sneak (level 1, 0/9 HPs)
             Began as a Spriggan Enchanter on June 27, 2022.
             Slain by a kobold
             ... wielding a +0 dagger
              (3 damage)
             ... on level 1 of the Dungeon.
             The game lasted 00:00:22 (77 turns).

nickcage the Sneak (Spriggan Enchanter)               Turns: 77, Time: 00:00:22

Health: 0/9        AC:  3    Str:  4    XL:     1   Next: 8%
Magic:  5/5        EV: 17    Int: 16    God:
Gold:   19         SH:  0    Dex: 15    Spells: 5/5 levels left

rFire   . . .      SeeInvis +   a - +1 dagger
rCold   . . .      Faith    .   (no shield)
rNeg    . . .      Spirit   .   b - +0 robe
rPois   .          Reflect  .   (helmet restricted)
rElec   .          Harm     .   f - +0 cloak
rCorr   .          Rampage  .   (gloves unavailable)
Will    .....                   (boots unavailable)
Stlth   +++.......              (no amulet)
HPRegen 0.03/turn               (no ring)
MPRegen 0.09/turn               (no ring)

@: very quick
A: very small, no large weapons, unfitting armour, see invisible, speed 3
a: no special abilities


You were on level 1 of the Dungeon.
You visited 1 branch of the dungeon, and saw 1 of its levels.

You collected 19 gold pieces.

Inventory:

Hand Weapons
 a - a +1 dagger (weapon)
Armour
 b - a +0 robe (worn)
 f - a +0 cloak (worn)
Scrolls
 d - a scroll of torment {unknown}
 e - a scroll of identify {unknown}
Potions
 c - a potion of invisibility


   Skills:
 - Level 1.1 Short Blades
 - Level 2.6 Dodging
 - Level 4.4 Stealth
 - Level 2.6 Spellcasting
 + Level 3.7 Hexes


You had 5 spell levels left.
You didn't know any spells.
Your spell library contained the following spells:

 Spells                   Type           Power      Damage    Failure   Level
 Confusing Touch          Hex            13%        N/A       13%         3
 Tukima's Dance           Hex            13%        N/A       13%         3
 Ensorcelled Hibernation  Hex/Ice        16%        N/A       14%         2
 Dazzling Flash           Conj/Hex       16%        N/A       26%         3


Dungeon Overview and Level Annotations

Branches:
Dungeon (1/15)

Altars:


Innate Abilities, Weirdness & Mutations

You are very small and have problems with some larger weapons.
You are too small for most types of armour.
You have supernaturally acute eyesight. (SInv)
You cover ground extremely quickly. (Speed+++)


Message History

Found a staircase leading out of the dungeon.
d - a scroll labelled ZIHIOX FICONT You now have 10 gold pieces.
Found a cloak.
e - a scroll labelled DAURROTAFU
Found 15 stones.
You see here a +0 cloak.
f - a +0 cloak You start putting on your armour.
You continue putting on your +0 cloak. x4
You finish putting on your +0 cloak.
You see here 15 stones.
You now have 19 gold pieces (gained 9).
A kobold, a bat and a ball python come into view.
Found a scroll labelled CEOKUG RAINAM.
Found 3 poisoned darts.
The ball python hisses angrily.
The ball python barely misses you. The ball python grabs you.
The ball python constricts you.
You barely miss the ball python. The ball python barely misses you.
The ball python constricts you.
You hit the ball python but do no damage.
The ball python completely misses you. The ball python constricts you.
You closely miss the ball python.
The ball python bites you but does no damage.
The ball python constricts you.
You hit the ball python.
The ball python is moderately wounded.
The ball python bites you. The ball python constricts you.
You are too injured to fight recklessly!
You are too injured to fight recklessly!
You are too injured to fight recklessly!
You are too injured to fight recklessly!
You are too injured to fight recklessly!
You hit the ball python.
You kill the ball python!
The bat hits you but does no damage. The bat hits you.
You miss the bat. The bat completely misses you.
You hit the kobold but do no damage. The kobold hits you with a +0 dagger.
You die...

.. ... .# .(.# ####.##
....# ?b#.. .....##K#..
#.....#@#.####
#.......#....#
#.......#....#####
#......#..........
#.............##
#......###....# .#
##########....#
..###############...##.#
#...........#.....#....#


You could see a bat and a kobold.

Vanquished Creatures
  A ball python (D:1)
1 creature vanquished.

Notes
Turn   | Place    | Note
-------+----------+-------------------------------------------
     0 | D:1      | nickcage the Spriggan Enchanter began the quest for the
                  | Orb.
     0 | D:1      | Reached XP level 1. HP: 9/9 MP: 5/5
    77 | D:1      | Slain by a kobold

Illustrated notes

Levels and vault maps discovered:
D:1:      dpeg_arrival_solitude, layout_basic,
          ebering_ecumenical_altar_sacrificial, minmay_cut_off

Action                   || total
-------------------------++-------
Melee: Dagger            ||     7
Armor: Robe              ||     2
Dodge: Dodged            ||     4
